 Dungeon Crawl Stone Soup version 0.17-a0-1522-g6c5b4ba (webtiles) character file.

241 Fizybubbleh the Cutter (level 6, -3/61 HPs)
             Began as a Human Enchanter on July 14, 2015.
             Killed from afar by an orc wizard (8 damage)
             ... with a magic dart
             ... on level 3 of the Dungeon.
             The game lasted 00:22:38 (5253 turns).

Fizybubbleh the Cutter (Human Enchanter)            Turns: 5253, Time: 00:22:38

Health: -3/61      AC: 23    Str:  9    XL:     6   Next: 30%
Magic:  1/9        EV:  2    Int: 15    God:
Gold:   165        SH:  0    Dex: 15    Spells: 3 memorised, 3 levels left

rFire  . . .     SeeInvis .     a - +1 dagger
rCold  . . .     Clarity  .     (armour currently unavailable)
rNeg   + + +     SustAt   .     (no shield)
rPois  +         Gourm    .     (helmet currently unavailable)
rElec  .         Spirit   .     (cloak currently unavailable)
rCorr  .         Warding  .     (gloves currently unavailable)
rMut   .         NoTele   +     (boots currently unavailable)
MR     .....                    (no amulet)
Stlth  ++++......               (no ring)
                                (no ring)

@: tree-form, not resistant to hostile enchantments, stealthy
A: no striking features
a: no special abilities


You were on level 3 of the Dungeon.
You were hungry.
You were a tree.
You visited 1 branch of the dungeon, and saw 4 of its levels.

You collected 165 gold pieces.

Inventory:

Hand weapons
 a - a +1 dagger (weapon)
 n - a +0 short sword
Armour
 b - a +1 robe (melded)
 l - a +0 leather armour
 r - a +0 helmet
 t - a +2 hat
Jewellery
 e - a +6 ring of protection {unknown}
Magical devices
 k - a wand of slowing (0)
Scrolls
 f - a scroll of magic mapping {unknown}
 g - 2 scrolls of teleportation {unknown}
 i - 2 scrolls of identify {unknown}
 m - 2 scrolls of fear {unknown}
 p - a scroll of enchant armour {unknown}
 q - a scroll of amnesia {unknown}
 v - a scroll of blinking {unknown}
Potions
 h - a potion of cancellation
Books
 c - a book of Maledictions

   Spells                             Type                      Level
   a - Corona                         Hexes                        1
   b - Ensorcelled Hibernation        Hexes/Ice                    2
   c - Confuse                        Hexes                        3
   d - Tukima's Dance                 Hexes                        3
   e - Dazzling Spray                 Conjuration/Hexes            3
Comestibles
 d - a bread ration
 j - 2 meat rations


   Skills:
 - Level 5.0 Short Blades
 - Level 2.0 Dodging
 + Level 4.4 Stealth
 - Level 2.0 Spellcasting
 - Level 3.0 Hexes


You had 3 spell levels left.
You knew the following spells:

 Your Spells              Type           Power        Failure   Level  Hunger
a - Ensorcelled Hibernat  Hex/Ice        #.....       17%         2    ###....
b - Confuse               Hex            ##......     21%         3    ###....
v - Corona                Hex            ##.....      8%          1    #......


Dungeon Overview and Level Annotations

Branches:
Dungeon (4/15)
 Temple: D:4-7

Altars:

Annotations:
D:1 exclusion: 2 downstairs
D:3 1 exclusion, emiel's ghost, average OgWz


Message History

The orc wizard hits you but does no damage.
The orc wizard gestures wildly while chanting.
The orc wizard flickers and vanishes!
Deactivating autopickup; reactivate with Ctrl-A.
You hit something but do no damage. Something hits you but does no damage.
You hit something but do no damage.
You hear some strange, mumbled words.
A puff of frost appears from out of thin air!
Helpless, you fail to dodge the puff of frost.
* * * LOW HITPOINT WARNING * * *
You take 3 damage, and have 4/61 hp.
You closely miss something.
You hear some strange, mumbled words.
A puff of flame appears from out of thin air!
Helpless, you fail to dodge the puff of flame.
You hit something.
You hear some strange, mumbled words.
A magic dart appears from out of thin air!
The magic dart hits you!
You die...

#.. ..# ############.#
#.# ...........#.####.#
#...........##.####
###..#.##.#.#.##.....
#.#......##.#..#.#..###
#.#.#..####.#.###...<..
#.#.#..####.##.#.##.##.
#.....♣{..>.##.........
##...#########.#######.
###...### #....# #.
#.......# #....# #.
#.......# #....# #.
#.......# #....# #.
###...### #....# #.
#.<.# ###..#######.
###.# ####........†.


There were no monsters in sight!

Vanquished Creatures
  Ijyb (D:2)
  A worker ant (D:4)
  Robin (D:2)
  7 adders
  An ooze (D:3)
  6 worms
  2 orcs (D:4)
  4 giant cockroaches
  9 hobgoblins
  4 jackals (D:2)
  6 kobolds
  A ball python (D:2)
  14 bats
  5 giant geckos
  5 giant newts
  25 goblins
  A jackal skeleton (D:4)
  7 rats
100 creatures vanquished.

Notes
Turn   | Place    | Note
--------------------------------------------------------------
     0 | D:1      | Fizybubbleh the Human Enchanter began the quest for the Orb.
     0 | D:1      | Reached XP level 1. HP: 13/13 MP: 3/3
   288 | D:1      | Reached XP level 2. HP: 13/19 MP: 1/5
   387 | D:1      | Learned a level 2 spell: Ensorcelled Hibernation
  1339 | D:2      | Reached XP level 3. HP: 22/24 MP: 3/6
  2318 | D:2      | Reached XP level 4. HP: 30/30 MP: 4/7
  2323 | D:2      | Learned a level 3 spell: Confuse
  2390 | D:2      | Noticed Ijyb
  2421 | D:2      | Killed Ijyb
  2421 | D:2      | Reached skill level 4 in Short Blades
  2862 | D:2      | Noticed Robin
  2931 | D:2      | Reached XP level 5. HP: 9/35 MP: 1/8
  3752 | D:2      | Killed Robin
  4198 | D:2      | Reached skill level 5 in Short Blades
  4855 | D:3      | Reached XP level 6. HP: 26/41 MP: 0/9
  4954 | D:3      | Found a faded altar to an unknown god.
  4971 | D:3      | Noticed emiel's ghost (average OgWz)
  5253 | D:3      | Killed from afar by an orc wizard

Vault maps used:
D:1:      minmay_arrival_solitary_statue, minmay_misc_feat_encased
D:2:      first_bread, uniq_robin, uniq_iyjb
D:3:      ecumenical_altar_2, uniq_crazy_yiuf_cottage
D:4:      minmay_temple_entry_junction, serial_shops, nicolae_shop_crystal,
          shop, kennysheep_mini_moat, enter_ossuary_2, kennysheep_small_spiral

Action                   |  1- 3 |  4- 6 || total
-------------------------+-------+-------++-------
Melee: Dagger            |   135 |   172 ||   307
       Short sword       |       |    84 ||    84
 Cast: Corona            |    31 |     5 ||    36
       Ensorcelled Hiber |    16 |    30 ||    46
       Confuse           |       |     5 ||     5
Evoke: Wand              |       |     1 ||     1
  Use: Potion            |     2 |     3 ||     5
 Stab: Sleeping          |     5 |    14 ||    19
       Confused          |       |     2 ||     2
  Eat: Chunk             |     4 |    10 ||    14
       Bread ration      |     1 |       ||     1
